 Dungeon Crawl Stone Soup version 0.23-a0-208-gb6b040f31c (webtiles) character file.

118 Lepercus the Insei (level 5, -5/41 HPs)
             Began as a Human Monk on Sept 25, 2018.
             Was a Believer of Makhleb.
             Slain by an iguana (11 damage)
             ... on level 4 of the Dungeon.
             The game lasted 00:16:06 (3194 turns).

Lepercus the Insei (Human Monk)                     Turns: 3194, Time: 00:16:07

Health: -5/41      AC:  8    Str: 12    XL:     5   Next: 23%
Magic:  5/5        EV: 16    Int: 11    God:    Makhleb [**....]
Gold:   107        SH:  0    Dex: 20    Spells: 4/4 levels left

rFire    . . .     SeeInvis .     - Unarmed
rCold    . . .     Gourm    .   (no shield)
rNeg     . . .     Faith    .   d - +0 scale mail
rPois    .         Spirit   .   i - +0 helmet
rElec    .         Reflect  .   (no cloak)
rCorr    .         Harm     .   (no gloves)
MR       .....                  e - +0 pair of boots
Stlth    ++........             (no amulet)
HPRegen  0.13/turn              (no ring)
MPRegen  0.09/turn              (no ring)

@: agile, very slightly contaminated
A: no striking features
a: Minor Destruction, Renounce Religion


You were on level 4 of the Dungeon.
You worshipped Makhleb.
Makhleb was pleased with you.
You were not hungry.

You visited 1 branch of the dungeon, and saw 4 of its levels.

You collected 107 gold pieces.

Inventory:

Hand Weapons
 c - a +0 short sword
Armour
 a - a +0 robe
 d - a +0 scale mail (worn)
 e - a +0 pair of boots (worn)
 f - a +0 robe
 h - a +0 buckler
 i - a +0 helmet (worn)
Scrolls
 p - 2 scrolls of remove curse
 q - a scroll of enchant armour {unknown}
Potions
 k - a potion of heal wounds {unknown}
 l - 2 potions of ambrosia {unknown}
 n - a potion of curing {unknown}
 o - a potion of cancellation {unknown}
 r - a potion of invisibility {unknown}
 s - a potion of flight {unknown}
Comestibles
 b - 2 rations


   Skills:
 + Level 3.6 Fighting
 + Level 0.9 Armour
 + Level 3.6 Dodging
 - Level 2.2 Stealth
 + Level 4.2 Unarmed Combat


You had 4 spell levels left.
You didn't know any spells.
Your spell library was empty.

Dungeon Overview and Level Annotations

Branches:
Dungeon (4/15)
 Temple: D:4-7

Altars:
Makhleb


Message History

Your scale mail prevents you from hitting the iguana.
The iguana is severely wounded.
The iguana bites you!
* * * LOW HITPOINT WARNING * * *
Blink to where?
Press: ? - help, Dir - move target cursor, f - iguana
Aim: an iguana (severely wounded)
You can't blink onto the iguana!
Blink to where?
Press: ? - help, Dir - move target cursor, p - iguana You are very lightly contaminated with residual magic.
As you read the scroll of blinking, it crumbles to dust.
A frilled lizard comes into view.
The frilled lizard hisses angrily.
The frilled lizard hisses.
There are monsters nearby!
You feel agile all of a sudden.
You eat the chunk of flesh.
This raw flesh tastes terrible.
The iguana bites you!
You die...

####### #...l.#
#.###@# #.# #.#
#.# #.# #.# #.#
#.# #l# ...#
######.# #.#
#..# #......#
#.# #..#
#.###### #.#
##..###.#######


You could see an iguana and a frilled lizard.

Vanquished Creatures
  5 adders
  2 oozes
  A worm (D:2)
  A dart slug (D:1)
  A leopard gecko (D:2)
  2 orcs
  A ball python (D:3)
  5 giant cockroaches
  5 goblins
  6 hobgoblins
  3 jackals (D:2)
  5 kobolds
  3 quokkas
  6 bats
  6 frilled lizards
  4 rats
56 creatures vanquished.

Notes
Turn   | Place    | Note
-------+----------+-------------------------------------------
     0 | D:1      | Lepercus the Human Monk began the quest for the Orb.
     0 | D:1      | Reached XP level 1. HP: 18/18 MP: 1/1
    24 | D:1      | Reached XP level 2. HP: 16/24 MP: 2/2
   516 | D:2      | Reached XP level 3. HP: 12/29 MP: 3/3
  1210 | D:2      | Reached XP level 4. HP: 31/35 MP: 4/4
  1715 | D:2      | Reached skill level 4 in Unarmed Combat
  2579 | D:3      | Found a burning altar of Makhleb.
  2608 | D:3      | Became a worshipper of Makhleb the Destroyer
  2608 | D:3      | Reached * piety under Makhleb
  2608 | D:3      | Reached ** piety under Makhleb
  2780 | D:3      | Reached XP level 5. HP: 34/41 MP: 5/5
  3194 | D:4      | Slain by an iguana

Vault maps used:
D:1:      minmay_arrival_cross
D:2:      grunt_decor_mini_mirrors
D:3:      nicolae_overflow_crystal_walls, first_ration, minmay_misc_feat_rows
D:4:      grunt_temple_overflow_opulence, kennysheep_potato

Skill      XL: |  1  2  3  4 |
---------------+-------------+-----
Unarmed Combat | 4 |  4.2
Fighting       | |  3.6
Armour         | |  0.9
Dodging        | |  3.6
Stealth        | |  2.2

Action                   |  1- 3 |  4- 6 || total
-------------------------+-------+-------++-------
Melee: Unarmed           |   104 |   218 ||   322
       Punch             |     6 |     3 ||     9
  Use: Scroll            |     3 |     4 ||     7
       Potion            |       |     1 ||     1
 Stab: Distracted        |       |     1 ||     1
  Eat: Chunk             |     1 |     7 ||     8
Armor: Robe              |    19 |    28 ||    47
       Scale mail        |       |    60 ||    60
Dodge: Dodged            |    77 |   165 ||   242

Table legend:
 A = Non-vault XP
 B = Vault XP
 C = Vault XP percentage of total XP
 D = Non-vault monster count
 E = Vault monster count
 F = Vault count percentage of total count
                 A         B        C        D         E       F
            +---------+---------+-------+---------+---------+-------
      Total |     169 |       0 |   0.0 |      56 |       0 |   0.0
            +---------+---------+-------+---------+---------+-------
        D:1 |      24 |       0 |   0.0 |      10 |       0 |   0.0
        D:2 |      96 |       0 |   0.0 |      31 |       0 |   0.0
        D:3 |      30 |       0 |   0.0 |      12 |       0 |   0.0
        D:4 |      19 |       0 |   0.0 |       3 |       0 |   0.0
            +---------+---------+-------+---------+---------+-------
